 Dungeon Crawl Stone Soup version 0.29.1-15-g9cfb28693d (webtiles) character file.

Game seed: 10047171634449837102

3208 hawla the Thaumaturge (level 10, -5/73 HPs)
             Began as a Meteoran Fire Elementalist on Feb 21, 2023.
             Was an Initiate of Vehumet.
             Slain by a wyvern (17 damage)
             ... on level 8 of the Dungeon.
             The game lasted 00:09:38 (2641 turns).

hawla the Thaumaturge (Meteoran Fire Elementalist)  Turns: 2641, Time: 00:09:38

Health: -5/73      AC:  3    Str: 20    XL:     10   Next: 40%
Magic:  22/25      EV: 13    Int: 24    God:    Vehumet [......]
Gold:   144        SH:  0    Dex: 15    Spells: 23/30 levels left

rFire   . . .      SeeInvis .   p - +4 great sword (freeze)
rCold   . . .      Faith    .   (shield currently unavailable)
rNeg    . . .      Spirit   .   a - +0 robe
rPois   .          Reflect  .   r - +0 helmet of Wonder {Str+4 Int+3}
rElec   .          Harm     .   (no cloak)
rCorr   .          Rampage  .   (no gloves)
Will    +....                   (no boots)
Stlth   +.........              (no amulet)
HPRegen 0.22/turn               l - +6 ring of strength
MPRegen 0.19/turn               (no ring)

@: about to teleport, glowing
A: sense surroundings 2, otherworldly, glowing, explore regen
a: Renounce Religion


You were on level 8 of the Dungeon.
You worshipped Vehumet.
Vehumet was noncommittal.
You visited 2 branches of the dungeon, and saw 9 of its levels.

You collected 166 gold pieces.
You spent 22 gold pieces at shops.

Inventory:

Hand Weapons
 p - a +4 great sword of freezing (weapon)
Armour
 a - a +0 robe (worn)
 r - the +0 helmet of Wonder (worn) {Str+4 Int+3}
   (You found it on level 7 of the Dungeon)

   Str:       It affects your strength (+4).
   Int:       It affects your intelligence (+3).
Jewellery
 l - a +6 ring of strength (left hand)
Wands
 m - a wand of iceblast (7)
 t - a wand of paralysis (3)
Scrolls
 c - 2 scrolls of teleportation
 d - 3 scrolls of identify {unknown}
 f - a scroll of torment {unknown}
 g - a scroll of magic mapping {unknown}
 h - 2 scrolls of fog {unknown}
 k - a scroll of blinking {unknown}
 q - 2 scrolls of enchant weapon {unknown}
 s - a scroll of noise {unknown}
Potions
 b - 2 potions of curing {unknown}
 e - a potion of resistance {unknown}
 i - 2 potions of attraction {unknown}
 j - a potion of invisibility {unknown}
 n - a potion of flight {unknown}
 o - a potion of berserk rage {unknown}
 u - a potion of degeneration {unknown}


   Skills:
 + Level 1.7 Fighting
 + Level 1.1 Long Blades
 + Level 3.8 Dodging
 - Level 1.4 Stealth
 + Level 10.5 Spellcasting
 + Level 7.1 Conjurations
 + Level 10.4 Fire Magic


You had 23 spell levels left.
You knew the following spells:

 Your Spells              Type           Power      Damage    Failure   Level
a - Foxfire               Conj/Fire      100%       2x1d9     1%          1
b - Scorch                Fire           100%       2d10      1%          2
c - Flame Wave            Conj/Fire      53%        2d13      1%          4

Your spell library contained the following spells:

 Spells                   Type           Power      Damage    Failure   Level
 Conjure Flame            Conj/Fire      53%        6-21      1%          3
 Inner Flame              Hex/Fire       37%        N/A       1%          3
 Beastly Appendage        Tmut           24%        N/A       4%          1
 Wereblood                Tmut           12%        N/A       8%          2
 Gell's Gravitas          Tloc           12%        N/A       16%         3
 Lesser Beckoning         Tloc           12%        N/A       16%         3
 Spider Form              Tmut/Pois      12%        N/A       16%         3
 Teleport Other           Tloc           12%        N/A       16%         3


Dungeon Overview and Level Annotations

Branches:
Dungeon (8/15) Zot: 2381   Temple (1/1) D:5 Zot: 355
   Lair: D:8-11

Altars:
Ashenzari
Cheibriados
Dithmenos
Elyvilon
Fedhas
Gozag
Hepliaklqana
Kikubaaqudgha
Nemelex Xobeh
Okawaru
Qazlal
Ru
Sif Muna
Trog
Uskayaw
Vehumet
Wu Jian
Yredelemnul
Zin
The Shining One

Shops:
D:4 *

Annotations:
D:6 3 runed translucent doors, AverageBear's ghost, novice DsFi


Innate Abilities, Weirdness & Mutations

You passively map the area around you.
You are easily found by Zot.
You glow in the dark.
You regain HP and MP as you explore.


Message History

Vehumet accepts your kill.
The orc throws a boomerang.
The boomerang barely misses you. The orc misses you.
You slash the orc! You freeze the orc.
You kill the orc!
Vehumet accepts your kill.
The orc priest invokes the aid of Beogh against you.
Beogh smites you! The orc closely misses you.
An ice beast comes into view.
You hear an angry buzzing noise.
Casting: Flame Wave (dangerous; 1% risk of failure)
Confirm with . or Enter, or press ? or * to list all spells.
Casting: Flame Wave (dangerous; 1% risk of failure)
Press: ? - help, Dir - look around, f - activate A wave of flame ripples out!
The flame wave engulfs the orc!!
You kill the orc!
Vehumet accepts your kill. (Press . to intensify the flame waves.)
You hear a shout!
A wyvern comes into view.
A centaur comes into view.
A wave of flame ripples out!
The flame wave engulfs the orc priest!
The orc priest is almost dead.
You hear a shout! x3; You hear a loud, deep croak!
The centaur wields a +0 shortbow.
The centaur shoots an arrow.
The arrow hits you.
The orc priest casts a cantrip, but nothing happens.
A wave of flame ripples out!
The flame wave engulfs the orc priest.
You kill the orc priest!
Vehumet accepts your kill.
You finish channelling waves of flame.
You hear a loud, deep croak!
The centaur shoots an arrow.
The arrow hits you!
The centaur shoots an arrow.
The arrow hits you.
The centaur shoots an arrow.
The arrow hits you!
* * * LOW HITPOINT WARNING * * *
Okay, then.
As you read the scroll labelled WICIES NAZIERI, it crumbles to dust.
You feel strangely unstable.
It was a scroll of teleportation.
The wyvern bites you!
You die...

, , , , , ,,
,, ,, , * ,
#..,.# * ,
,, #....# ,
, , , ,
#....# ## ,
. ,
#..#.###...,
*#.
#..#..... ,
, * ...
#.....c ** ,
, :...
#.l#.# , *
*,
.....#(.@.#*
, * ,
......[..?#
, * ,, ,*
#######...#
, , , , ,
#####...# *,
* , , , ,
........## ,
,,, , *
#######..#*
* , #..# ,#
, ,, * #..#
.# * #..##.#
, *


You could see a wyvern and a centaur.

Vanquished Creatures
  A two-headed ogre (D:5)
  A wraith (D:7)
  6 yaks (D:8)
  A steam dragon (D:6)
  2 ice beasts (D:7)
  3 ogres
  A centaur (D:5)
  2 phantoms (D:7)
  Blork the orc (D:4)
  2 kobold brigands (D:7)
  A scorpion (D:4)
  4 wights
  An orc priest (D:8)
  2 hounds
  A jelly (D:7)
  5 iguanas
  Robin (D:3)
  3 gnolls (D:5)
  6 adders
  An ufetubus (D:6)
  A dart slug (D:2)
  5 orcs
  4 endoplasms
  3 giant cockroaches
  7 hobgoblins (D:3)
  9 kobolds
  A quokka (D:4)
  3 ball pythons
  8 goblins
  A rat (D:2)
87 creatures vanquished.

Vanquished Creatures (others)
  137 foxfires
137 creatures vanquished.

Grand Total: 224 creatures vanquished

Notes
Turn   | Place    | Note
-------+----------+-------------------------------------------
     0 | D:1      | hawla the Meteoran Fire Elementalist began the quest for
                  | the Orb.
     0 | D:1      | Reached XP level 1. HP: 14/14 MP: 5/5
     1 | D:1      | Noticed an electric eel
   117 | D:1      | Reached XP level 2. HP: 18/20 MP: 2/6
   120 | D:1      | Learned a level 2 spell: Scorch
   244 | D:3      | Reached XP level 3. HP: 26/26 MP: 1/8
   253 | D:3      | Reached XP level 4. HP: 32/33 MP: 2/9
   260 | D:3      | Learned a level 4 spell: Flame Wave
   298 | D:3      | Noticed Robin
   305 | D:3      | Killed Robin
   351 | D:4      | Reached XP level 5. HP: 26/38 MP: 4/10
   410 | D:4      | Reached XP level 6. HP: 35/45 MP: 3/11
   444 | D:4      | Noticed Blork the orc
   450 | D:4      | Killed Blork the orc
   451 | D:4      | Reached skill level 5 in Conjurations
   451 | D:4      | Reached skill level 5 in Fire Magic
   516 | D:4      | Found Kuabaos's Assorted Antiques.
   525 | D:4      | Bought a scroll labelled FUDUITROES for 22 gold pieces
   891 | D:4      | You fall into a shaft and drop 2 floors!
   938 | D:6      | Noticed an ogre
   944 | D:6      | Killed an ogre
   945 | D:6      | Reached XP level 7. HP: 33/51 MP: 5/14
   993 | D:6      | Noticed a steam dragon
   997 | D:6      | Killed a steam dragon
   998 | D:6      | Reached skill level 5 in Spellcasting
  1149 | D:6      | Reached XP level 8. HP: 58/58 MP: 11/17
  1188 | D:6      | Found a runed translucent gate.
  1188 | D:6      | Found a runed translucent gate.
  1193 | D:6      | Found a runed translucent gate.
  1194 | D:6      | Noticed AverageBear's ghost (novice DsFi)
  1993 | D:7      | Gained mutation: You passively map the area around you.
                  | [Meteoran growth]
  1993 | D:7      | Reached XP level 9. HP: 54/63 MP: 15/20
  2022 | D:7      | Identified the +0 helmet of Wonder {Str+4 Int+3}
  2227 | D:8      | Reached skill level 1 in Fighting
  2229 | D:8      | Reached XP level 10. HP: 21/71 MP: 8/24
  2270 | D:5      | Entered Level 5 of the Dungeon
  2273 | D:5      | Noticed a two-headed ogre
  2284 | D:5      | Killed a two-headed ogre
  2285 | D:5      | Reached skill level 1 in Long Blades
  2285 | D:5      | Reached skill level 10 in Spellcasting
  2285 | D:5      | Reached skill level 10 in Fire Magic
  2310 | D:5      | Found a staircase to the Ecumenical Temple.
  2318 | Temple   | Entered the Ecumenical Temple
  2537 | Temple   | Became a worshipper of Vehumet
  2641 | D:8      | Slain by a wyvern

Illustrated notes

Levels and vault maps discovered:
D:1:      arrival_aquarium_a, layout_basic, minmay_misc_feat_doors,
          minmay_misc_feat_room
D:2:      layout_loops_cross, shapermc_ecumenical_altar_venn, uniq_natasha,
          uniq_jessica
D:3:      gammafunk_steamed_eel, layout_loops_ring,
          grunt_temple_overflow_champion_of_chaos, uniq_robin
D:4:      layout_layer_cave, serial_shops, shop, uniq_blork_the_orc, uniq_edmund
D:5:      layout_loops_ring, minmay_temple_entry_purple_smoke, serial_shops,
          shop, kennysheep_small_spiral, due_unseen_surprise
D:6:      layout_basic, gammafunk_ghost_necromancy, minmay_starry_boxes
D:7:      layout_loops_cross, feat_on_display
D:8:      minmay_curly_fans, layout_rooms, dilly_guarded_unrand_devastator,
          uniq_gastronok, uniq_pikel
Temple:   nicolae_temple_bog_church

Skill      XL: |  1  2  3  4  5  6  7  8  9 10 |
---------------+-------------------------------+-----
Fire Magic     | 4 5 6 8 9 10 | 10.4
Spellcasting   | 3 4 5 7 9 10 | 10.5
Conjurations   | 3 4 5 6 7 |  7.1
Dodging        | 3 |  3.8
Fighting       | 1 |  1.7
Long Blades    | 1 |  1.1
Stealth        | |  1.4

Action                   |  1- 3 |  4- 6 |  7- 9 | 10-12 || total
-------------------------+-------+-------+-------+-------++-------
Melee: Unarmed           |     4 |    14 |       |       ||    18
       Great sword       |       |       |     3 |     3 ||     6
       Falchion          |       |       |     1 |       ||     1
 Cast: Foxfire           |    25 |    31 |    27 |     1 ||    84
       Scorch            |     3 |    18 |    29 |     4 ||    54
       Flame Wave        |       |       |     7 |     3 ||    10
  Use: Potion            |     1 |     1 |       |       ||     2
       Scroll            |       |       |       |     1 ||     1
Armor: Robe              |     4 |     6 |     4 |       ||    14
Dodge: Dodged            |     5 |    10 |    22 |     7 ||    44
